 Dungeon Crawl Stone Soup version 0.24-a0-584-g9d6b971ae4 (webtiles) character file.

Game seed: 11885033925813241912, levelgen mode: deterministic

50 EnegeticOcto the Ducker (level 3, -4/22 HPs)
             Began as a Tengu Wanderer on Sept 1, 2019.
             Slain by an ogre
             ... wielding a +0 giant spiked club
              (13 damage)
             ... on level 4 of the Dungeon.
             The game lasted 00:02:48 (2144 turns).

EnegeticOcto the Ducker (Tengu Wanderer)            Turns: 2144, Time: 00:02:48

Health: -4/22      AC:  5    Str: 16    XL:     3   Next: 79%
Magic:  4/4        EV: 11    Int: 10    God:
Gold:   49         SH:  0    Dex: 12    Spells: 2/2 levels left

rFire    . . .     SeeInvis .   a - +3 dagger
rCold    . . .     Gourm    .   (no shield)
rNeg     . . .     Faith    .   i - +0 ring mail
rPois    .         Spirit   .   (helmet restricted)
rElec    .         Reflect  .   (no cloak)
rCorr    .         Harm     .   (no gloves)
MR       .....                  (boots unavailable)
Stlth    +.........             (no amulet)
HPRegen  0.07/turn              (no ring)
MPRegen  0.09/turn              (no ring)

@: no status effects
A: beak, talons 3
a: no special abilities


You were on level 4 of the Dungeon.
You were near starving.

You visited 1 branch of the dungeon, and saw 4 of its levels.

You collected 49 gold pieces.

Inventory:

Hand Weapons
 a - a +3 dagger (weapon)
Missiles
 c - 8 poisoned darts (quivered)
 n - 56 arrows
Armour
 i - a +0 ring mail (worn)
Jewellery
 t - an uncursed ring of protection from cold {unknown}
Scrolls
 d - a scroll of magic mapping {unknown}
 g - a scroll of random uselessness {unknown}
 l - a scroll of blinking {unknown}
 m - 2 scrolls of immolation
 o - a scroll of enchant weapon
 p - 3 scrolls of teleportation {unknown}
 q - a scroll of enchant armour {unknown}
 r - 2 scrolls of identify {unknown}
 s - a scroll of noise {unknown}
Potions
 b - a potion of berserk rage
 f - a potion of ambrosia {unknown}
 h - 2 potions of curing {unknown}
 j - a potion of heal wounds {unknown}
 k - a potion of might {unknown}
Comestibles
 e - 8 rations


   Skills:
 * Level 2.9 Fighting
 - Level 2.1 Short Blades
 - Level 1.0 Throwing
 + Level 3.0 Dodging
 - Level 1.0 Stealth
   Level 2.4 Charms


You had 2 spell levels left.
You didn't know any spells.
Your spell library contained the following spells:

 Spells                   Type           Power        Failure   Level  Hunger
 Beastly Appendage        Tmut           #.....       58%         1    ##.....
 Sticks to Snakes         Tmut           #.......     73%         2    ###....
 Spider Form              Tmut/Pois      #.........   91%         3    ####...
 Ice Form                 Ice/Tmut       #.......     100%        4    #####..
 Blade Hands              Tmut           #.........   100%        5    ######.


Dungeon Overview and Level Annotations

Branches:
Dungeon (4/15)
 Temple: D:4-7

Altars:

Annotations:
D:3 Grinder
D:4 Sigmund


Innate Abilities, Weirdness & Mutations

You have a beak for a mouth.
You have claws for feet.


Message History

Grinder blinks!
There is a stone staircase leading down here.
Unknown command.
The hobgoblin barely misses you.
You climb downwards.
Found three items.
There is a stone staircase leading up here.
You hit the hobgoblin.
You kill the hobgoblin!
No target in view!
No target in view!
No target in view!
No target in view!
HP restored.
d - a scroll labeled IGEYM IFFUKEH
p - 3 scrolls labeled ARIMOI GOWN (gained 1)
You pick up a book of Changes and begin reading...
You add the spells Beastly Appendage, Sticks to Snakes, Spider Form, Ice Form and Blade Hands to your library.
Found 20 sling bullets.
You see here 20 sling bullets.
t - a runed opal ring
h - 2 viscous amethyst potions (gained 1) As you open the door, it creaks loudly!
Found 20 stones.
There is an open door here.
r - 2 scrolls labeled LECI CYAMEBAPI (gained 1)
e - 8 rations (gained 1)
There is an open door here.
You see here 20 sling bullets.
There is a stone staircase leading up here.
Found a stone staircase leading down.
There is a stone staircase leading down here.
Found a scythe.
You see here a scythe.
An ogre and Sigmund come into view.
Sigmund is wielding a +0 scythe of protection.
You are near starving!
Sigmund shouts!
The ogre shouts!
Throwing (i - inventory)
c - 16 poisoned darts (quivered)
Press: ? - help, Shift-Dir - straight line, f - ogre
Aim: an ogre, wielding a +0 giant spiked club You throw a poisoned dart.
The poisoned dart completely misses the ogre.
Throwing (i - inventory)
c - 15 poisoned darts (quivered)
Press: ? - help, Shift-Dir - straight line, f/p - ogre
Aim: an ogre, wielding a +0 giant spiked club You throw a poisoned dart.
The poisoned dart hits the ogre.
The ogre is poisoned.
Throwing (i - inventory)
c - 14 poisoned darts (quivered)
Press: ? - help, Shift-Dir - straight line, f/p - ogre
Aim: an ogre, wielding a +0 giant spiked club (lightly wounded, poisoned)
You throw a poisoned dart. The poisoned dart hits the ogre.
The ogre looks even sicker.
The ogre is lightly wounded.
The ogre closely misses you.
You see here a scythe.
Throwing (i - inventory)
c - 13 poisoned darts (quivered)
Press: ? - help, Shift-Dir - straight line, f/p - ogre
Aim: an ogre, wielding a +0 giant spiked club (heavily wounded, poisoned)
You throw a poisoned dart. The poisoned dart hits the ogre.
The ogre looks even sicker.
The ogre is heavily wounded.
The ogre hits you with a +0 giant spiked club!
Ouch! That really hurt!
* * * LOW HITPOINT WARNING * * *
Sigmund gestures wildly while chanting.
Sigmund flickers and vanishes!
Deactivating autopickup; reactivate with Ctrl-A.
Throwing (i - inventory)
c - 12 poisoned darts (quivered)
Press: ? - help, Shift-Dir - straight line, f/p - ogre
Aim: an ogre, wielding a +0 giant spiked club (heavily wounded, poisoned)
You throw a poisoned dart.
The poisoned dart barely misses the ogre.
There is a stone staircase leading down here.
The ogre looks more healthy.
There is a stone staircase leading up here.
Throwing (i - inventory)
c - 11 poisoned darts (quivered)
Press: ? - help, Shift-Dir - straight line, f/p - ogre
Aim: an ogre, wielding a +0 giant spiked club (severely wounded)
You throw a poisoned dart.
The poisoned dart barely misses the ogre.
The ogre misses you.
Throwing (i - inventory)
c - 10 poisoned darts (quivered)
Press: ? - help, Shift-Dir - straight line, f/p - ogre
Aim: an ogre, wielding a +0 giant spiked club (severely wounded)
You throw a poisoned dart. The poisoned dart hits the ogre.
The ogre is poisoned.
The ogre is severely wounded.
The ogre misses you. Something hits you but does no damage.
Found a spear.
The ogre looks more healthy.
Throwing (i - inventory)
c - 9 poisoned darts (quivered)
Press: ? - help, Shift-Dir - straight line, f/p - ogre
Aim: an ogre, wielding a +0 giant spiked club (almost dead)
You throw a poisoned dart. The poisoned dart hits the ogre.
The ogre is poisoned.
The ogre is almost dead.
The ogre hits you with a +0 giant spiked club!
Ouch! That really hurt!
You die...

##########.#
........##.#
#######.##.# #.##.#
#.##.#
#######.##.#######
#.....<...........
#.##........########
#(##.##........O@.)#
#.##.##...#.######.#
#.##.##.....# #
#.##.###..###
#.##(###..#
#.##..(...#
#.#######.#
#.#######.#
#.#.......#


You could see an ogre.

Vanquished Creatures
  Robin (D:1)
  A worm (D:2)
  A leopard gecko (D:2)
  10 goblins
  4 hobgoblins
  3 jackals (D:1)
  A quokka (D:2)
  3 bats
  2 frilled lizards
  2 kobolds
  7 rats
35 creatures vanquished.

Notes
Turn   | Place    | Note
-------+----------+-------------------------------------------
     0 | D:1      | EnegeticOcto the Tengu Wanderer began the quest for the
                  | Orb.
     0 | D:1      | EnegeticOcto set off with the following items: a +2 dagger,
                  | a potion of berserk rage, 9 poisoned darts, a +0 dagger, a
                  | ration, a +0 robe
     0 | D:1      | Reached XP level 1. HP: 12/12 MP: 2/2
   374 | D:1      | Reached XP level 2. HP: 13/17 MP: 3/3
  1186 | D:2      | Noticed Robin
  1187 | D:2      | Reached XP level 3. HP: 19/22 MP: 4/4
  1254 | D:1      | Killed Robin
  1656 | D:2      | Reached skill level 3 in Dodging
  1917 | D:3      | Noticed Grinder
  1918 | D:3      | Paralysed by Grinder for 7 turns
  2079 | D:4      | Noticed Sigmund
  2079 | D:4      | Noticed an ogre
  2144 | D:4      | Slain by an ogre

Levels and vault maps discovered:
D:1:      evilmike_arrival_fibonacci_small, layout_basic
D:2:      layout_loops_ring, uniq_robin
D:3:      layout_basic, first_ration, uniq_natasha, uniq_grinder
D:4:      minmay_wonky_spiral, layout_loops_ring, old_standard_altar,
          minmay_temple_entry_statues_pillars, gammafunk_ghost_arena,
          serial_shops, nicolae_shop_window_shopping, uniq_sigmund,
          uniq_menkaure, uniq_eustachio

Skill      XL: |  1  2  3 |
---------------+----------+-----
Fighting       | 2 |  2.9
Dodging        | 3 |  3.0
Short Blades   | |  2.1
Throwing       | |  1.0
Stealth        | |  1.0
Charms         | |  2.4

Action                   || total
-------------------------++-------
Melee: Dagger            ||    85
       Kick              ||    19
       Peck              ||     6
Throw: Dart              ||    13
  Use: Scroll            ||     2
  Eat: Chunk             ||     2
Armor: Robe              ||     3
       Ring mail         ||    18
Dodge: Dodged            ||    50

Table legend:
 A = Non-vault XP
 B = Vault XP
 C = Vault XP percentage of total XP
 D = Non-vault monster count
 E = Vault monster count
 F = Vault count percentage of total count
                 A         B        C        D         E       F
            +---------+---------+-------+---------+---------+-------
      Total |      45 |      27 |  37.5 |      28 |       7 |  20.0
            +---------+---------+-------+---------+---------+-------
        D:1 |      16 |      15 |  48.4 |      11 |       1 |   8.3
        D:2 |      23 |      12 |  34.3 |      13 |       6 |  31.6
        D:3 |       4 |       0 |   0.0 |       3 |       0 |   0.0
        D:4 |       2 |       0 |   0.0 |       1 |       0 |   0.0
            +---------+---------+-------+---------+---------+-------
